 Dungeon Crawl Stone Soup version 0.26.1-11-gd32895ea62 (webtiles) character file.

Game seed: 12677702486326581792

918 Gabide the Grave Robber (level 7, -3/47 HPs)
             Began as a Mummy Necromancer on May 27, 2021.
             Was a Plaything of Xom.
             Slain by a wight
             ... wielding a cursed +0 dire flail
              (12 damage)
             ... on level 6 of the Dungeon.
             The game lasted 00:13:40 (7362 turns).

Gabide the Grave Robber (Mummy Necromancer)         Turns: 7362, Time: 00:13:41

Health: -3/47      AC:  6    Str: 12    XL:     7   Next: 83%
Magic:  16/16      EV: 12    Int: 16    God:    Xom [..*...]
Gold:   76         SH:  0    Dex: 12    Spells: 18/19 levels left

rFire    x . .     SeeInvis .   d - +2 short sword (drain)
rCold    + . .     Faith    .   (no shield)
rNeg     + + +     Spirit   .   a - +2 robe
rPois    ∞         Reflect  .   (no helmet)
rElec    .         Harm     .   n - +0 cloak
rCorr    .         Rampage  .   m - +0 pair of gloves
Will     .....                  (no boots)
Stlth    ++........             (no amulet)
HPRegen  0.15/turn              (no ring)
MPRegen  0.15/turn              (no ring)

@: no status effects
A: no potions, fire vulnerability, cold resistance 1, negative energy resistance
3, torment resistance, unbreathing
a: Renounce Religion


You were on level 6 of the Dungeon.
You worshipped Xom.
You were a toy of Xom.
You visited 1 branch of the dungeon, and saw 6 of its levels.

You collected 210 gold pieces.
You spent 134 gold pieces at shops.

Inventory:

Hand Weapons
 d - a +2 short sword of draining (weapon)
Missiles
 l - 5 atropa-tipped darts
Armour
 a - a +2 robe (worn)
 k - a scarf of harm
 m - a +0 pair of gloves (worn)
 n - a +0 cloak (worn)
Wands
 b - a wand of random effects (19)
Scrolls
 c - a scroll of teleportation
 e - a scroll of blinking
 f - 2 scrolls of enchant armour
 g - a scroll of remove curse
 h - a scroll of immolation
 i - 4 scrolls of magic mapping
 j - 2 scrolls of identify


   Skills:
 + Level 0.9 Fighting
 + Level 1.2 Short Blades
 + Level 0.3 Polearms
 + Level 2.1 Dodging
 + Level 2.4 Stealth
 + Level 6.5 Spellcasting
 * Level 7.6 Necromancy


You had 18 spell levels left.
You knew the following spells:

 Your Spells              Type           Power        Failure   Level
a - Pain                  Necr           100%         1%          1

Your spell library contained the following spells:

 Spells                   Type           Power        Failure   Level
 Animate Skeleton         Necr           58%          1%          1
 Vampiric Draining        Necr           14%          1%          3
 Animate Dead             Necr           14%          5%          4
 Corona                   Hex            5%           13%         1
 Agony                    Necr           29%          16%         5
 Ensorcelled Hibernation  Hex/Ice        10%          21%         2
 Confusing Touch          Hex            5%           36%         3
 Dazzling Flash           Conj/Hex       10%          36%         3
 Tukima's Dance           Hex            5%           36%         3


Dungeon Overview and Level Annotations

Branches:
Dungeon (6/15)             Temple (0/1) D:4

Altars:
Fedhas
Xom

Shops:
D:5 [


Innate Abilities, Weirdness & Mutations

You do not drink.
Your flesh is vulnerable to fire.
You are immune to poison.
Your flesh is cold resistant. (rC+)
You are immune to negative energy. (rN+++)
You are immune to unholy pain and torment.
You can survive without breathing.


Message History

You hit the worker ant zombie.
The worker ant zombie is almost destroyed.
The wight misses you.
The worker ant zombie bites you but does no damage.
You hit the worker ant zombie.
You destroy the worker ant zombie!
The wight closely misses you.
Things that are here:
a +0 robe; a +0 dagger; an orc skeleton You can't drink.
Aiming: Random Effects
Press: ? - help, Shift-Dir - straight line, f - wight
Aim: a wight, wielding a +0 dire flail and wearing a +0 robe (strong)
The fireball explodes!
The fireball engulfs the wight.
The wight is moderately damaged.
The fireball engulfs you. The fire burns you terribly!
Xom thinks this is hilarious!
* * * LOW HITPOINT WARNING * * *
The wight hits you with a cursed +0 dire flail!
You die...

# . .#####################
.#.)............@z...#######
.#(#################<....)÷#
.((# #######.....# ...#
..#### ...# ### #.## ... (##
.


F You could see a wight (strong).

Vanquished Creatures
  Sigmund (D:4)
  A necrophage (D:5)
  2 centaurs
  A centaur skeleton (D:4)
  A jelly (D:5)
  An orc priest (D:3)
  3 orc wizards
  3 worker ants (D:4)
  A hound skeleton (D:5)
  2 howler monkey skeletons (D:4)
  A worker ant zombie (D:6)
  3 gnolls (D:3)
  8 adders
  An ufetubus (D:5)
  2 oozes
  An adder skeleton (D:4)
  A worm (D:4)
  5 dart slugs
  7 leopard geckos
  13 orcs
  7 giant cockroaches
  14 goblins
  5 hobgoblins
  5 jackals
  A quokka (D:2)
  2 ball pythons
  12 bats
  4 frilled lizards
  7 kobolds
  A leopard gecko skeleton (D:4)
  2 quokka skeletons (D:4)
  3 rats
121 creatures vanquished.

Vanquished Creatures (others)
  A fungus (D:4)
  4 plants (D:4)
5 creatures vanquished.

Grand Total: 126 creatures vanquished

Notes
Turn   | Place    | Note
-------+----------+-------------------------------------------
     0 | D:1      | Gabide the Mummy Necromancer began the quest for the Orb.
     0 | D:1      | Reached XP level 1. HP: 13/13 MP: 4/4
    92 | D:1      | Found a shimmering altar of Xom.
   110 | D:1      | Became a worshipper of Xom of Chaos
   167 | D:1      | XOM: divination: detect creatures
   171 | D:1      | Reached XP level 2. HP: 2/19 MP: 0/6
   654 | D:1      | XOM: silly message
   827 | D:1      | Reached XP level 3. HP: 24/24 MP: 0/7
   902 | D:1      | XOM: noise
  1149 | D:1      | XOM: divination: magic mapping
  1251 | D:2      | XOM is BORED!
  1251 | D:2      | XOM: 2-stop teleportation journey
  1342 | D:1      | XOM: scenery: 1 doors close
  1411 | D:2      | Reached XP level 4. HP: 21/30 MP: 2/10
  1562 | D:2      | Reached skill level 5 in Necromancy
  1637 | D:2      | Noticed a centaur
  1942 | D:2      | Killed a centaur
  1943 | D:2      | Reached XP level 5. HP: 5/35 MP: 6/12
  2466 | D:3      | You fall into a shaft and drop 1 floor!
  2484 | D:4      | XOM: polymorph worker ant -> ball python
  2622 | D:3      | XOM: silly message
  2925 | D:3      | XOM: scenery: 1 doors close
  2926 | D:3      | Reached skill level 5 in Spellcasting
  3243 | D:3      | Reached skill level 6 in Necromancy
  3534 | D:3      | XOM: noise
  3546 | D:3      | Reached XP level 6. HP: 41/41 MP: 6/13
  3580 | D:3      | XOM: divination: detect creatures
  3598 | D:3      | XOM: noise
  3727 | D:4      | XOM: cloud trail
  3745 | D:4      | Noticed Sigmund
  3759 | D:4      | Killed Sigmund
  3967 | D:4      | XOM: god gift: 5 atropa-tipped darts
  4018 | D:4      | XOM: 2-stop teleportation journey
  4037 | D:4      | Found a blossoming altar of Fedhas.
  4593 | D:4      | Found a staircase to the Ecumenical Temple.
  4615 | D:4      | Reached XP level 7. HP: 31/46 MP: 8/15
  5044 | D:4      | XOM: silly message
  5273 | D:4      | XOM: summons 1 hostile demon
  5355 | D:4      | XOM: cloud trail
  5505 | D:4      | XOM: god gift: 22 stones
  5588 | D:5      | Entered Level 5 of the Dungeon
  5605 | D:5      | Reached skill level 1 in Short Blades
  5692 | D:5      | Reached skill level 7 in Necromancy
  5758 | D:4      | XOM: summons 4 hostile demons
  6184 | D:5      | XOM: silly message
  6401 | D:5      | XOM: summons 1 hostile demon
  6783 | D:5      | Found Kifasa's Armour Shop.
  6787 | D:5      | Bought a +0 pair of gloves for 67 gold pieces
  6787 | D:5      | Bought a +0 cloak for 67 gold pieces
  6825 | D:5      | XOM: silly message
  6984 | D:6      | XOM: divination: detect items
  7076 | D:6      | XOM: silly message
  7086 | D:6      | XOM: divination: detect creatures
  7356 | D:6      | XOM: enchant monster (bad)
  7362 | D:6      | Slain by a wight

Illustrated notes

Levels and vault maps discovered:
D:1:      dpeg_arrival_more_subterranean_lakeside_camping, layout_loops_ring,
          kennysheep_pointless_box, roderic_st_hans_cross,
          minmay_misc_feat_diagonals, xom_teletrap_fun
D:2:      layout_rooms
D:3:      layout_basic
D:4:      layout_layer_cave, fedhas_altar_3, minmay_temple_entry_overgrown,
          hangedman_decor_opposing, minmay_box_of_dots, uniq_sigmund
D:5:      layout_basic, serial_shops, shop, corexii_shack,
          nicolae_underground_beach
D:6:      layout_rooms, st_stairs_6, trog_three_pillars_becter

Skill      XL: |  1  2  3  4  5  6  7 |
---------------+----------------------+-----
Spellcasting   | 3 4 5 6 |  6.5
Necromancy     | 5 6 7 |  7.6
Stealth        | 2 |  2.4
Short Blades   | 1 |  1.2
Dodging        | 2 |  2.1
Fighting       | |  0.9
Polearms       | |  0.3

Action                   |  1- 3 |  4- 6 |  7- 9 || total
-------------------------+-------+-------+-------++-------
Melee: Spear             |     2 |       |       ||     2
       Short sword       |    17 |    22 |    73 ||   112
 Cast: Pain              |    67 |   119 |    52 ||   238
Evoke: Wand              |       |       |     1 ||     1
  Use: Scroll            |     5 |     6 |     3 ||    14
 Stab: Sleeping          |     2 |     1 |     1 ||     4
       Distracted        |       |     1 |       ||     1
Armor: Robe              |    15 |    20 |    28 ||    63
Dodge: Dodged            |    43 |    52 |    68 ||   163
